 Dungeon Crawl Stone Soup version 0.18-a0-1683-gf9322e6 (webtiles) character file.

31 Gorice the Insei (level 3, -2/29 HPs)
             Began as a Demonspawn Monk on Apr 3, 2016.
             Slain by a gnoll (5 damage)
             ... on level 1 of the Dungeon.
             The game lasted 00:03:30 (835 turns).

Gorice the Insei (Demonspawn Monk)                   Turns: 835, Time: 00:03:30

Health: -2/29      AC:  4    Str: 14    XL:     3   Next: 7%
Magic:  3/3        EV: 13    Int: 11    God:
Gold:   53         SH:  0    Dex: 15    Spells: 0 memorised, 2 levels left

rFire  . . .     SeeInvis +       - Unarmed
rCold  . . .     Gourm    .     a - +0 robe
rNeg   . . .     Faith    .     (no shield)
rPois  +         Spirit   .     l - +2 hat
rElec  .         Dismiss  .     (no cloak)
rCorr  .         Reflect  .     (no gloves)
SustAt .         Harm     .     (no boots)
MR     .....                    (no amulet)
Stlth  ++........               (no ring)
                                c - ring of poison resistance

@: not resistant to hostile enchantments, unstealthy
A: see invisible, powered by death 1, screaming 1, strong 1
a: no special abilities


You were on level 1 of the Dungeon.
You were not hungry.

You visited 1 branch of the dungeon, and saw 2 of its levels.

You collected 53 gold pieces.

Inventory:

Hand Weapons
 f - a +0 spear
 k - a +0 hand axe
Missiles
 m - 15 sling bullets
Armour
 a - a +0 robe (worn)
 l - a +2 hat (worn)
Jewellery
 c - a ring of poison resistance (left hand)
Scrolls
 j - a scroll of recharging
Potions
 i - a potion of cure mutation {unknown}
 n - a potion of invisibility {unknown}
Comestibles
 b - 2 bread rations {!e}
 d - a meat ration {!e}
 g - a chunk of flesh


   Skills:
 + Level 3.3 Fighting
 + Level 3.0 Dodging
 - Level 1.7 Stealth
 * Level 4.1 Unarmed Combat


You had 2 spell levels left.
You didn't know any spells.

Dungeon Overview and Level Annotations

Branches:
Dungeon (2/15)

Altars:


Innate Abilities, Weirdness & Mutations

You regenerate a little health from kills.
You have supernaturally acute eyesight.
You occasionally shout uncontrollably at your foes.
Your muscles are strong. (Str +2)


Message History

You hit the gnoll.
The gnoll is almost dead.
The gnoll hits you but does no damage.
You hit the gnoll.
The gnoll is almost dead.
The gnoll closely misses you.
You hit the gnoll.
You kill the gnoll!
Your Dodging skill increases to level 3!
You have reached level 3!
Your experience leads to an increase in your attributes!
Increase (S)trength, (I)ntelligence, or (D)exterity?
You feel stronger.
You start resting.
You feel less regenerative.
You start resting.
HP restored.
You climb downwards.
An adder, a giant cockroach and a hobgoblin come into view.
The gnoll hits you. The gnoll hits you with a spear!
The kobold throws a stone.
The stone barely misses you. The gnoll completely misses you.
The gnoll misses you.
The kobold throws a stone.
The stone barely misses you.
A kobold comes into view.
There is a stone staircase leading up here.
You see here 2 stones.
Damage: 11 (max 11)
The hobgoblin shouts!
The gnoll barely misses you. The gnoll hits you with a spear!
* * * LOW HITPOINT WARNING * * *
You climb upwards.
There is a stone staircase leading down here.
Damage: 8 (max 11) Unknown command.
Unknown command.
Unknown command.
Read which item? (? for menu, Esc to quit)
Okay, then.
Drink which item? (? for menu, Esc to quit)
Okay, then.
You hit the gnoll.
The gnoll is heavily wounded.
The gnoll hits you!
* * * LOW HITPOINT WARNING * * *
Damage: 7 (max 11) Unknown command.
Drink which item? (? for menu, Esc to quit)
It was a potion of mutation.
You feel extremely strange.
You feel stronger.
You feel the urge to shout.
Your vision sharpens.
The gnoll hits you but does no damage. The gnoll hits you.
You die...

#.##.# #.# #.#
#.##.# #.# #.#
#.##.# #.# #.#
#####.##.####### #.#
#.# ...............#
#.# #.#
#######..###.#.# #.#
#.# .........# #.#.#
#.# #.# ######...#
#.#.###.# #.#
.........# #.#.g@#.#
#.#
######.#.###.###g#.#
#.# #.#...........#
#.# #.#####......##
#.# #.#########..#
#.# #.......#
#..#####.#
#########.#
#..#.....#
#.........#
#..#.#####
#.######### #..#.#


You could see 2 gnolls.

Vanquished Creatures
  A gnoll (D:1)
  A dart slug (D:1)
  A giant gecko (D:1)
  4 bats (D:1)
  2 goblins (D:1)
  2 hobgoblins (D:1)
  2 jackals (D:1)
  A giant newt (D:1)
  A kobold (D:1)
  2 rats (D:1)
17 creatures vanquished.

Notes
Turn   | Place    | Note
--------------------------------------------------------------
     0 | D:1      | Gorice the Demonspawn Monk began the quest for the Orb.
     0 | D:1      | Reached XP level 1. HP: 18/18 MP: 1/1
   282 | D:1      | Gained mutation: You regenerate a little health from kills. [demonic ancestry]
   282 | D:1      | Reached XP level 2. HP: 22/24 MP: 2/2
   436 | D:1      | Reached skill level 4 in Unarmed Combat
   761 | D:1      | Reached skill level 3 in Dodging
   761 | D:1      | Reached XP level 3. HP: 14/29 MP: 3/3
   834 | D:1      | HP: 3/29 [gnoll (7)]
   835 | D:1      | Gained mutation: Your muscles are strong. (Str +2) [potion of mutation]
   835 | D:1      | Gained mutation: You occasionally shout uncontrollably at your foes. [potion of mutation]
   835 | D:1      | Gained mutation: You have supernaturally acute eyesight. [potion of mutation]
   835 | D:1      | Slain by a gnoll

Vault maps used:
D:1:      saegor_arrival_miasma
D:2:      okawaru_altar_gauntlet_db, uniq_robin

Skill      XL: |  1  2 |
---------------+-------+-----
Unarmed Combat | 4 |  4.1
Dodging        | 3 |  3.0
Fighting       | |  3.3
Stealth        | |  1.7

Action                   || total
-------------------------++-------
Melee: Unarmed           ||    69
  Use: Scroll            ||     3
       Potion            ||     1
 Stab: Sleeping          ||     4

Table legend:
 A = Turns spent in this place as a percentage of turns spent in the entire game.
 B = Non-inter-level travel turns spent in this place as a percentage of non-inter-level travel turns spent in the entire game.
 C = Inter-level travel turns spent in this place as a percentage of turns spent in this place.
 D = Turns resting spent in this place as a percentage of non-inter-level travel turns spent in this place.
 E = Turns spent auto-exploring this place as a percentage of non-inter-level travel turns spent in this place.
 F = Non-inter-level travel turns spent in this place divided by the number of levels of this place that you've seen.
                   A       B       C       D       E      F
               +-------+-------+-------+-------+-------+----------------------
         Total | 100.0 | 100.0 |   1.1 |   1.8 |   7.4 | 135.5
       Dungeon | 100.0 | 100.0 |   1.1 |   1.8 |   7.4 | 135.5
               +-------+-------+-------+-------+-------+----------------------

Vault maps used:
D:1:      saegor_arrival_miasma
D:2:      okawaru_altar_gauntlet_db, uniq_robin
